[ AOE2 MATCH · #470426194 ]
Team RMSpanish vs Bulgarians
[ REPLAY ANALYSIS · EXTRACTED FROM THE RECORDED GAME ]
Feudal
10:11
Castle
14:05
Imperial
30:47
| APM avg | 21.8 |
| APM peak | 46 |
| eAPM avg | 11.6 |
| Villagers / military | 102 / 62 |
Focus
⚔️ 22.0% · 🌾 78.0%
Scout Cavalry ×56 · Conquistador ×4 · Mangonel ×1 · Trebuchet (Packed) ×1
Feudal
10:32
Castle
14:42
Imperial
30:43
| APM avg | 32.5 |
| APM peak | 95 |
| eAPM avg | 15.8 |
| Villagers / military | 111 / 66 |
Focus
⚔️ 28.0% · 🌾 72.0%
Spearman ×45 · Skirmisher ×9 · Monk ×6 · Trebuchet (Packed) ×3 · Bombard Cannon ×3
Feudal
10:41
Castle
15:01
Imperial
35:49
| APM avg | 55.7 |
| APM peak | 102 |
| eAPM avg | 31.1 |
| Villagers / military | 195 / 51 |
Focus
⚔️ 17.1% · 🌾 82.9%
Tarkan ×25 · Cavalry Archer ×18 · Monk ×6 · Mangonel ×1 · Scorpion ×1
Feudal
8:58
Castle
16:18
Imperial
35:53
| APM avg | 40.1 |
| APM peak | 78 |
| eAPM avg | 24.7 |
| Villagers / military | 123 / 109 |
Focus
⚔️ 31.1% · 🌾 68.9%
Konnik ×52 · Militia ×38 · Battering Ram ×7 · Spearman ×6 · Trebuchet (Packed) ×3 · Scout Cavalry ×2
Feudal
11:17
Castle
14:49
Imperial
21:55
| APM avg | 19.3 |
| APM peak | 53 |
| eAPM avg | 10.3 |
| Villagers / military | 111 / 183 |
Focus
⚔️ 30.3% · 🌾 69.7%
Archer ×95 · Skirmisher ×83 · Bombard Cannon ×5
Feudal
11:08
Castle
15:23
Imperial
30:18
| APM avg | 25.7 |
| APM peak | 74 |
| eAPM avg | 16.6 |
| Villagers / military | 144 / 132 |
Focus
⚔️ 22.4% · 🌾 77.6%
Chu Ko Nu ×74 · Scout Cavalry ×40 · Fire Lancer ×15 · Trebuchet (Packed) ×2 · Monk ×1
Match map
Initial resources + every placement click. Lines = walls · curves = elevation contours. ◆ gold · ⬟ stone · ● berries · ✦ relic · ◌ wall gap
Your base· ✓ Closed at 14:05 · 0t walls · 2 gate(s)
rozsasgergo's base· ✓ Closed at 14:42 · 0t walls · 3 gate(s)
commanderlionheart's base· ✓ Closed at 15:01 · 0t walls · 3 gate(s)
dont help's base· ✓ Closed at 16:18 · 0t walls · 2 gate(s)
Bronco's base· ✓ Closed at 14:49 · 0t walls · 2 gate(s)
HURMA's base· ✓ Closed at 15:23 · 0t walls · 2 gate(s)
Smoothed initial terrain · ◌ = detected wall gap · hover for details
Inputs per minute
— SebTheKing - - rozsasgergo
Build order — SebTheKing
First 150 of 252 actions detected
| 0:01 | Create | Villager (Male) |
| 0:01 | Create | Villager (Male) |
| 0:03 | Build | House |
| 0:04 | Build | House |
| 0:26 | Create | Villager (Male) |
| 0:26 | Create | Villager (Male) |
| 0:27 | Create | Villager (Male) |
| 1:29 | Create | Villager (Male) |
| 1:30 | Create | Villager (Male) |
| 1:48 | Build | Lumber Camp |
| 1:54 | Create | Villager (Male) |
| 1:54 | Create | Villager (Male) |
| 2:21 | Create | Villager (Male) |
| 2:21 | Create | Villager (Male) |
| 2:46 | Create | Villager (Male) |
| 2:47 | Create | Villager (Male) |
| 3:23 | Create | Villager (Male) |
| 3:23 | Create | Villager (Male) |
| 3:29 | Build | House |
| 3:30 | Build | House |
| 3:43 | Create | Villager (Male) |
| 3:53 | Create | Villager (Male) |
| 4:18 | Create | Villager (Male) |
| 4:37 | Create | Villager (Male) |
| 5:11 | Create | Villager (Male) |
| 5:27 | Create | Villager (Male) |
| 5:28 | Create | Villager (Male) |
| 5:44 | Build | Mill |
| 6:18 | Create | Villager (Male) |
| 7:11 | Create | Villager (Male) |
| 7:14 | Create | Villager (Male) |
| 7:41 | Build | Mining Camp |
| 7:51 | Research | Feudal Age |
| 9:35 | Create | Villager (Male) |
| 9:35 | Create | Villager (Male) |
| 10:11 | Age | Feudal Age |
| 10:33 | Build | Market |
| 10:51 | Build | Blacksmith |
| 11:25 | Research | Castle Age |
| 11:42 | Build | Mining Camp |
| 12:08 | Research | Loom |
| 14:05 | Age | Castle Age |
| 14:20 | Build | Castle |
| 14:26 | Create | Villager (Male) |
| 14:26 | Create | Villager (Male) |
| 14:35 | Build | House |
| 15:11 | Create | Villager (Male) |
| 15:25 | Research | Horse Collar |
| 15:27 | Research | Double-Bit Axe |
| 15:39 | Build | Mill |
| 15:48 | Create | Conquistador |
| 15:49 | Create | Conquistador |
| 16:02 | Build | Siege Workshop |
| 16:08 | Create | Villager (Male) |
| 16:30 | Build | Farm |
| 17:09 | Create | Conquistador |
| 17:15 | Create | Mangonel |
| 17:36 | Create | Conquistador |
| 18:09 | Create | Villager (Male) |
| 18:21 | Create | Villager (Male) |
| 19:06 | Create | Villager (Male) |
| 19:07 | Create | Villager (Male) |
| 19:11 | Build | Farm |
| 19:16 | Build | Farm |
| 19:17 | Build | Farm |
| 19:19 | Build | Farm |
| 19:20 | Build | Farm |
| 19:38 | Create | Villager (Male) |
| 19:44 | Build | Farm |
| 19:53 | Build | Farm |
| 19:55 | Build | Farm |
| 20:18 | Create | Villager (Male) |
| 20:48 | Build | Farm |
| 20:53 | Build | Farm |
| 20:56 | Research | Heavy Plow |
| 20:59 | Research | Bow Saw |
| 21:10 | Create | Villager (Male) |
| 21:11 | Create | Villager (Male) |
| 21:35 | Create | Villager (Male) |
| 22:07 | Build | Town Center |
| 22:16 | Create | Villager (Male) |
| 22:40 | Create | Villager (Male) |
| 22:44 | Build | Farm |
| 23:00 | Build | Farm |
| 23:33 | Build | House |
| 24:00 | Create | Villager (Male) |
| 24:00 | Create | Villager (Male) |
| 24:02 | Create | Villager (Male) |
| 24:18 | Build | Farm |
| 24:18 | Build | Farm |
| 24:24 | Build | Town Center |
| 24:40 | Create | Villager (Male) |
| 24:40 | Create | Villager (Male) |
| 24:40 | Create | Villager (Male) |
| 25:14 | Create | Villager (Male) |
| 25:15 | Create | Villager (Male) |
| 25:21 | Create | Villager (Male) |
| 25:40 | Create | Villager (Male) |
| 25:41 | Create | Villager (Male) |
| 26:07 | Create | Villager (Male) |
| 26:08 | Create | Villager (Male) |
| 26:08 | Create | Villager (Male) |
| 26:09 | Create | Villager (Male) |
| 26:18 | Build | Farm |
| 26:18 | Build | Farm |
| 26:18 | Build | Farm |
| 26:24 | Build | Farm |
| 26:27 | Build | Farm |
| 26:27 | Build | Farm |
| 26:28 | Build | Farm |
| 26:35 | Build | Farm |
| 26:35 | Build | Farm |
| 26:36 | Build | Farm |
| 26:36 | Build | Farm |
| 26:36 | Build | Farm |
| 26:37 | Build | Farm |
| 26:44 | Build | Farm |
| 26:45 | Build | Farm |
| 26:53 | Build | Farm |
| 26:54 | Build | Farm |
| 26:58 | Build | Farm |
| 27:01 | Build | Farm |
| 27:05 | Build | Farm |
| 27:12 | Build | House |
| 27:13 | Build | House |
| 27:14 | Build | House |
| 27:16 | Build | House |
| 27:37 | Research | Imperial Age |
| 27:37 | Research | Imperial Age |
| 27:43 | Create | Villager (Male) |
| 27:44 | Create | Villager (Male) |
| 27:44 | Create | Villager (Male) |
| 28:05 | Build | Farm |
| 28:06 | Build | Farm |
| 28:16 | Research | Wheelbarrow |
| 28:21 | Build | House |
| 28:22 | Build | House |
| 28:23 | Build | House |
| 28:26 | Research | Scale Barding Armor |
| 28:40 | Build | Barracks |
| 28:43 | Create | Villager (Male) |
| 28:44 | Create | Villager (Male) |
| 28:44 | Create | Villager (Male) |
| 29:11 | Create | Villager (Male) |
| 29:12 | Create | Villager (Male) |
| 29:17 | Build | Stable |
| 29:25 | Research | Chain Barding Armor |
| 29:26 | Research | Forging |
| 29:29 | Create | Villager (Male) |
| 29:41 | Build | Farm |
Build order — rozsasgergo
First 150 of 348 actions detected
| 0:01 | Create | Villager (Male) |
| 0:01 | Create | Villager (Male) |
| 0:01 | Create | Villager (Male) |
| 0:01 | Create | Villager (Male) |
| 0:02 | Create | Villager (Male) |
| 0:02 | Create | Villager (Male) |
| 0:03 | Build | House |
| 0:05 | Build | House |
| 1:33 | Create | Villager (Male) |
| 1:33 | Create | Villager (Male) |
| 1:49 | Build | Lumber Camp |
| 1:53 | Create | Villager (Male) |
| 2:18 | Create | Villager (Male) |
| 2:41 | Create | Villager (Male) |
| 3:15 | Create | Villager (Male) |
| 3:15 | Create | Villager (Male) |
| 3:16 | Create | Villager (Male) |
| 3:50 | Build | House |
| 3:58 | Build | Mill |
| 4:10 | Create | Villager (Male) |
| 4:11 | Create | Villager (Male) |
| 4:37 | Create | Villager (Male) |
| 4:37 | Create | Villager (Male) |
| 4:37 | Create | Villager (Male) |
| 4:38 | Create | Villager (Male) |
| 4:38 | Create | Villager (Male) |
| 5:18 | Create | Villager (Male) |
| 5:31 | Build | Mill |
| 5:39 | Build | House |
| 5:56 | Create | Villager (Male) |
| 6:19 | Create | Villager (Male) |
| 6:39 | Create | Villager (Male) |
| 6:39 | Create | Villager (Male) |
| 7:33 | Create | Villager (Male) |
| 7:39 | Build | Mining Camp |
| 7:45 | Create | Villager (Male) |
| 8:16 | Research | Feudal Age |
| 8:34 | Build | House |
| 8:37 | Build | House |
| 8:58 | Build | Farm |
| 9:01 | Build | Farm |
| 10:06 | Create | Villager (Male) |
| 10:06 | Create | Villager (Male) |
| 10:32 | Age | Feudal Age |
| 10:35 | Build | Market |
| 10:38 | Build | Blacksmith |
| 10:39 | Create | Villager (Male) |
| 11:35 | Research | Loom |
| 12:02 | Research | Castle Age |
| 12:02 | Research | Castle Age |
| 12:19 | Research | Double-Bit Axe |
| 12:20 | Research | Double-Bit Axe |
| 12:47 | Research | Horse Collar |
| 12:48 | Research | Horse Collar |
| 12:59 | Research | Gold Mining |
| 14:42 | Age | Castle Age |
| 14:46 | Build | Monastery |
| 14:51 | Build | Monastery |
| 14:59 | Create | Villager (Male) |
| 14:59 | Create | Villager (Male) |
| 15:03 | Research | Heavy Plow |
| 15:21 | Build | Stone Wall |
| 15:24 | Create | Monk |
| 15:31 | Create | Monk |
| 15:34 | Research | Sanctity |
| 15:35 | Create | Villager (Male) |
| 15:46 | Build | Siege Workshop |
| 16:09 | Create | Villager (Male) |
| 16:10 | Create | Villager (Male) |
| 16:13 | Build | Farm |
| 16:14 | Build | Farm |
| 16:18 | Build | Farm |
| 16:23 | Create | Villager (Male) |
| 16:30 | Create | Monk |
| 16:30 | Create | Monk |
| 16:58 | Build | Farm |
| 17:00 | Build | Farm |
| 17:01 | Build | Farm |
| 17:09 | Create | Monk |
| 17:20 | Build | Farm |
| 17:29 | Build | House |
| 17:31 | Build | House |
| 18:06 | Create | Monk |
| 18:07 | Create | Villager (Male) |
| 18:07 | Create | Villager (Male) |
| 18:07 | Create | Villager (Male) |
| 18:10 | Build | Farm |
| 18:59 | Create | Villager (Male) |
| 19:03 | Build | Mining Camp |
| 19:10 | Create | Villager (Male) |
| 19:13 | Build | House |
| 19:14 | Build | House |
| 19:15 | Build | House |
| 19:15 | Build | House |
| 19:20 | Build | Mining Camp |
| 19:40 | Build | Farm |
| 19:51 | Build | Farm |
| 20:02 | Create | Villager (Male) |
| 20:12 | Research | Redemption |
| 20:12 | Research | Redemption |
| 20:28 | Build | Gate |
| 20:33 | Create | Villager (Male) |
| 20:33 | Create | Villager (Male) |
| 20:39 | Research | Bow Saw |
| 21:22 | Create | Villager (Male) |
| 21:23 | Create | Villager (Male) |
| 21:29 | Create | Villager (Male) |
| 21:29 | Create | Villager (Male) |
| 21:32 | Build | House |
| 21:32 | Build | House |
| 21:54 | Create | Villager (Male) |
| 21:54 | Create | Villager (Male) |
| 22:01 | Create | Villager (Male) |
| 22:02 | Create | Villager (Male) |
| 22:25 | Build | Stone Wall |
| 22:27 | Build | Gate |
| 22:35 | Create | Villager (Male) |
| 22:39 | Build | Town Center |
| 22:43 | Build | House |
| 23:00 | Build | Outpost |
| 23:04 | Create | Villager (Male) |
| 23:19 | Research | Wheelbarrow |
| 23:26 | Build | House |
| 23:27 | Build | House |
| 24:03 | Build | Outpost |
| 24:05 | Create | Villager (Male) |
| 24:17 | Build | Farm |
| 24:17 | Build | Farm |
| 24:17 | Build | Farm |
| 24:18 | Build | Farm |
| 24:18 | Build | Farm |
| 24:18 | Build | Farm |
| 24:18 | Build | Farm |
| 24:22 | Create | Villager (Male) |
| 24:22 | Create | Villager (Male) |
| 24:25 | Create | Villager (Male) |
| 24:50 | Build | Outpost |
| 24:50 | Create | Villager (Male) |
| 24:52 | Build | Farm |
| 25:03 | Build | Stone Wall |
| 25:04 | Create | Villager (Male) |
| 25:07 | Create | Villager (Male) |
| 25:10 | Build | House |
| 25:14 | Build | Farm |
| 25:15 | Build | Farm |
| 25:21 | Build | Farm |
| 25:34 | Build | Outpost |
| 25:44 | Build | Farm |
| 25:47 | Build | Farm |
| 26:01 | Build | Castle |
Build order — commanderlionheart
First 150 of 364 actions detected
| 0:02 | Create | Villager (Male) |
| 0:02 | Create | Villager (Male) |
| 0:14 | Create | Villager (Male) |
| 0:14 | Create | Villager (Male) |
| 1:17 | Create | Villager (Male) |
| 1:49 | Create | Villager (Male) |
| 1:49 | Create | Villager (Male) |
| 1:59 | Build | Lumber Camp |
| 2:17 | Create | Villager (Male) |
| 2:17 | Create | Villager (Male) |
| 2:39 | Create | Villager (Male) |
| 2:39 | Create | Villager (Male) |
| 3:54 | Create | Villager (Male) |
| 3:54 | Create | Villager (Male) |
| 3:55 | Create | Villager (Male) |
| 4:10 | Build | Mill |
| 4:26 | Create | Villager (Male) |
| 4:26 | Create | Villager (Male) |
| 4:34 | Create | Villager (Male) |
| 4:34 | Create | Villager (Male) |
| 5:02 | Create | Villager (Male) |
| 5:03 | Create | Villager (Male) |
| 5:54 | Create | Villager (Male) |
| 5:54 | Create | Villager (Male) |
| 6:51 | Create | Villager (Male) |
| 6:54 | Create | Villager (Male) |
| 6:54 | Create | Villager (Male) |
| 6:54 | Create | Villager (Male) |
| 8:17 | Build | Mining Camp |
| 8:31 | Research | Feudal Age |
| 8:49 | Create | Villager (Male) |
| 8:49 | Create | Villager (Male) |
| 9:04 | Build | Mill |
| 10:41 | Build | Farm |
| 10:41 | Age | Feudal Age |
| 10:43 | Build | Farm |
| 10:48 | Build | Market |
| 10:51 | Build | Blacksmith |
| 10:57 | Build | Farm |
| 12:21 | Research | Castle Age |
| 12:21 | Research | Castle Age |
| 13:05 | Research | Double-Bit Axe |
| 13:47 | Research | Loom |
| 13:47 | Create | Villager (Male) |
| 14:18 | Research | Horse Collar |
| 15:01 | Age | Castle Age |
| 15:04 | Build | Town Center |
| 15:09 | Build | Town Center |
| 15:12 | Create | Villager (Male) |
| 15:37 | Research | Bow Saw |
| 15:38 | Create | Villager (Male) |
| 15:43 | Build | Farm |
| 16:11 | Create | Villager (Male) |
| 16:26 | Build | Monastery |
| 16:28 | Create | Villager (Male) |
| 16:29 | Create | Villager (Male) |
| 16:29 | Create | Villager (Male) |
| 16:35 | Create | Villager (Male) |
| 16:36 | Create | Villager (Male) |
| 16:36 | Create | Villager (Male) |
| 16:45 | Create | Villager (Male) |
| 16:51 | Build | Farm |
| 16:58 | Build | Farm |
| 17:07 | Create | Monk |
| 17:07 | Create | Monk |
| 17:07 | Create | Monk |
| 17:17 | Build | Farm |
| 17:20 | Build | Farm |
| 17:24 | Create | Villager (Male) |
| 17:24 | Create | Villager (Male) |
| 17:28 | Build | Farm |
| 17:33 | Create | Villager (Male) |
| 17:33 | Create | Villager (Male) |
| 17:45 | Create | Villager (Male) |
| 17:46 | Create | Villager (Male) |
| 18:15 | Create | Villager (Male) |
| 18:15 | Create | Villager (Male) |
| 18:16 | Create | Villager (Male) |
| 18:21 | Create | Villager (Male) |
| 18:21 | Create | Villager (Male) |
| 18:25 | Build | Farm |
| 18:26 | Build | Farm |
| 18:27 | Build | Farm |
| 18:42 | Create | Villager (Male) |
| 18:42 | Create | Villager (Male) |
| 18:49 | Create | Villager (Male) |
| 18:49 | Create | Villager (Male) |
| 18:57 | Build | Farm |
| 19:28 | Build | Farm |
| 19:29 | Build | Farm |
| 19:31 | Build | Farm |
| 19:32 | Build | Farm |
| 19:33 | Build | Farm |
| 19:34 | Create | Villager (Male) |
| 19:34 | Create | Villager (Male) |
| 19:34 | Create | Villager (Male) |
| 19:35 | Create | Villager (Male) |
| 19:38 | Build | Farm |
| 19:40 | Build | Farm |
| 20:02 | Create | Villager (Male) |
| 20:02 | Create | Villager (Male) |
| 20:03 | Create | Villager (Male) |
| 20:08 | Create | Villager (Male) |
| 20:27 | Create | Villager (Male) |
| 20:28 | Create | Villager (Male) |
| 20:28 | Create | Villager (Male) |
| 20:36 | Build | Mill |
| 20:37 | Build | Farm |
| 20:37 | Build | Farm |
| 20:37 | Build | Farm |
| 20:38 | Build | Farm |
| 20:38 | Build | Farm |
| 20:38 | Build | Farm |
| 20:38 | Build | Farm |
| 20:39 | Build | Farm |
| 20:41 | Create | Villager (Male) |
| 20:42 | Create | Villager (Male) |
| 21:03 | Create | Villager (Male) |
| 21:03 | Create | Villager (Male) |
| 21:10 | Research | Heavy Plow |
| 21:11 | Create | Villager (Male) |
| 21:12 | Create | Villager (Male) |
| 21:22 | Create | Villager (Male) |
| 21:22 | Create | Villager (Male) |
| 21:34 | Create | Villager (Male) |
| 21:35 | Create | Villager (Male) |
| 21:35 | Create | Villager (Male) |
| 21:42 | Create | Villager (Male) |
| 21:52 | Create | Villager (Male) |
| 21:52 | Create | Villager (Male) |
| 21:58 | Build | Farm |
| 22:01 | Create | Villager (Male) |
| 22:08 | Build | Farm |
| 22:11 | Build | Farm |
| 22:12 | Build | Farm |
| 22:12 | Create | Villager (Male) |
| 22:12 | Create | Villager (Male) |
| 22:13 | Create | Villager (Male) |
| 22:17 | Create | Villager (Male) |
| 22:25 | Create | Villager (Male) |
| 22:42 | Build | Farm |
| 23:04 | Create | Villager (Male) |
| 23:05 | Create | Villager (Male) |
| 23:13 | Build | Farm |
| 23:20 | Build | Outpost |
| 23:21 | Research | Wheelbarrow |
| 23:22 | Research | Town Watch |
| 23:26 | Create | Villager (Male) |
| 23:54 | Build | Castle |
| 23:57 | Research | Fletching |
Build order — dont help
First 150 of 390 actions detected
| 0:02 | Build | House |
| 0:03 | Create | Villager (Male) |
| 0:03 | Create | Villager (Male) |
| 0:05 | Build | House |
| 0:05 | Create | Villager (Male) |
| 0:05 | Create | Villager (Male) |
| 1:26 | Create | Villager (Male) |
| 1:50 | Create | Villager (Male) |
| 2:27 | Create | Villager (Male) |
| 2:27 | Create | Villager (Male) |
| 2:53 | Create | Villager (Male) |
| 3:19 | Build | Lumber Camp |
| 3:22 | Create | Villager (Male) |
| 3:49 | Create | Villager (Male) |
| 3:50 | Create | Villager (Male) |
| 3:56 | Create | Villager (Male) |
| 3:57 | Create | Villager (Male) |
| 4:01 | Build | House |
| 4:53 | Create | Villager (Male) |
| 5:33 | Build | Mill |
| 5:49 | Create | Villager (Male) |
| 6:15 | Create | Villager (Male) |
| 6:48 | Research | Feudal Age |
| 6:58 | Build | Farm |
| 7:00 | Build | Farm |
| 7:08 | Build | Farm |
| 8:03 | Create | Villager (Male) |
| 8:12 | Build | Farm |
| 8:53 | Create | Villager (Male) |
| 8:56 | Build | House |
| 8:58 | Age | Feudal Age |
| 9:02 | Research | Loom |
| 9:05 | Research | Double-Bit Axe |
| 9:06 | Create | Villager (Male) |
| 9:08 | Research | Horse Collar |
| 9:23 | Create | Villager (Male) |
| 9:55 | Build | Farm |
| 9:56 | Create | Villager (Male) |
| 10:17 | Create | Villager (Male) |
| 10:21 | Create | Villager (Male) |
| 10:25 | Build | Farm |
| 10:27 | Create | Villager (Male) |
| 10:27 | Create | Villager (Male) |
| 10:43 | Build | House |
| 10:45 | Build | Farm |
| 11:09 | Build | Farm |
| 11:10 | Build | Farm |
| 11:12 | Create | Villager (Male) |
| 11:18 | Build | House |
| 11:32 | Create | Villager (Male) |
| 11:43 | Create | Villager (Male) |
| 12:05 | Build | Blacksmith |
| 12:29 | Create | Villager (Male) |
| 12:44 | Create | Villager (Male) |
| 12:47 | Build | Market |
| 13:38 | Research | Castle Age |
| 13:41 | Build | Mining Camp |
| 14:05 | Research | Gold Mining |
| 14:43 | Build | Barracks |
| 14:53 | Build | Barracks |
| 15:00 | Create | Villager (Male) |
| 15:14 | Research | Wheelbarrow |
| 15:47 | Create | Militia |
| 15:50 | Create | Militia |
| 15:56 | Create | Villager (Male) |
| 16:18 | Age | Castle Age |
| 16:21 | Build | Town Center |
| 16:30 | Create | Militia |
| 16:31 | Create | Militia |
| 16:35 | Research | Bow Saw |
| 16:40 | Build | House |
| 16:40 | Build | House |
| 16:44 | Research | Gold Shaft Mining |
| 17:07 | Research | Heavy Plow |
| 17:18 | Build | House |
| 17:19 | Build | House |
| 17:29 | Create | Villager (Male) |
| 17:36 | Create | Militia |
| 18:02 | Create | Militia |
| 18:32 | Create | Villager (Male) |
| 18:42 | Build | Farm |
| 18:56 | Build | Farm |
| 18:57 | Create | Villager (Male) |
| 19:01 | Build | Siege Workshop |
| 19:03 | Create | Villager (Male) |
| 19:04 | Create | Villager (Male) |
| 19:06 | Build | Farm |
| 19:08 | Build | Farm |
| 19:25 | Create | Villager (Male) |
| 19:26 | Build | Farm |
| 19:27 | Create | Villager (Male) |
| 19:28 | Create | Villager (Male) |
| 19:31 | Build | Farm |
| 19:32 | Build | Farm |
| 19:36 | Build | Farm |
| 19:37 | Create | Villager (Male) |
| 19:46 | Build | Lumber Camp |
| 19:51 | Create | Villager (Male) |
| 20:13 | Create | Militia |
| 20:15 | Create | Battering Ram |
| 20:37 | Create | Villager (Male) |
| 20:38 | Create | Battering Ram |
| 20:39 | Create | Militia |
| 20:41 | Create | Militia |
| 20:48 | Build | House |
| 20:52 | Build | Farm |
| 20:53 | Create | Villager (Male) |
| 20:54 | Create | Villager (Male) |
| 21:09 | Create | Militia |
| 21:13 | Create | Villager (Male) |
| 21:25 | Build | Barracks |
| 21:27 | Build | House |
| 21:30 | Create | Villager (Male) |
| 21:35 | Create | Villager (Male) |
| 21:40 | Create | Militia |
| 21:50 | Build | Farm |
| 21:56 | Create | Battering Ram |
| 22:00 | Build | House |
| 22:01 | Build | House |
| 22:20 | Research | Squires |
| 22:21 | Create | Militia |
| 22:21 | Create | Militia |
| 22:23 | Create | Battering Ram |
| 22:24 | Create | Villager (Male) |
| 22:30 | Build | Farm |
| 22:35 | Build | Farm |
| 22:36 | Create | Villager (Male) |
| 22:40 | Create | Villager (Male) |
| 22:47 | Create | Militia |
| 23:03 | Create | Villager (Male) |
| 23:03 | Create | Villager (Male) |
| 23:07 | Build | Mining Camp |
| 23:08 | Create | Villager (Male) |
| 23:25 | Create | Militia |
| 23:25 | Create | Militia |
| 23:35 | Research | Stone Mining |
| 23:48 | Create | Militia |
| 23:49 | Create | Militia |
| 23:56 | Build | Farm |
| 24:00 | Research | Scale Mail Armor |
| 24:00 | Research | Scale Mail Armor |
| 24:07 | Research | Arson |
| 24:11 | Create | Militia |
| 24:11 | Create | Militia |
| 24:12 | Create | Militia |
| 24:15 | Build | House |
| 24:17 | Build | House |
| 24:17 | Build | House |
| 24:26 | Create | Militia |
| 24:32 | Create | Militia |
Build order — Bronco
First 150 of 233 actions detected
| 0:01 | Create | Villager (Male) ×4 |
| 0:02 | Create | Villager (Male) ×4 |
| 0:04 | Build | House |
| 0:06 | Build | House |
| 1:24 | Create | Villager (Male) |
| 1:46 | Build | Lumber Camp |
| 1:49 | Create | Villager (Male) |
| 2:21 | Create | Villager (Male) |
| 2:59 | Create | Villager (Male) |
| 3:21 | Create | Villager (Male) |
| 3:51 | Create | Villager (Male) |
| 3:59 | Build | House |
| 4:02 | Build | House |
| 4:21 | Create | Villager (Male) |
| 4:32 | Build | Mill |
| 4:48 | Create | Villager (Male) ×2 |
| 5:47 | Create | Villager (Male) ×3 |
| 6:24 | Create | Villager (Male) |
| 7:05 | Create | Villager (Male) |
| 7:06 | Create | Villager (Male) |
| 7:20 | Create | Villager (Male) |
| 7:27 | Build | House |
| 7:32 | Build | Mining Camp |
| 7:40 | Create | Villager (Male) |
| 7:51 | Build | Mill |
| 9:03 | Research | Feudal Age |
| 9:38 | Create | Villager (Male) |
| 9:38 | Create | Villager (Male) |
| 11:17 | Age | Feudal Age |
| 11:19 | Build | Market |
| 11:21 | Build | Blacksmith |
| 12:09 | Research | Castle Age |
| 12:17 | Research | Double-Bit Axe |
| 12:23 | Research | Horse Collar |
| 12:28 | Build | Farm |
| 12:59 | Create | Villager (Male) |
| 13:38 | Build | Farm |
| 13:39 | Build | Farm |
| 14:11 | Build | Farm |
| 14:13 | Build | Farm |
| 14:15 | Build | Farm |
| 14:25 | Build | Farm |
| 14:26 | Build | Farm |
| 14:49 | Age | Castle Age |
| 14:56 | Build | Farm |
| 14:59 | Build | Farm |
| 15:06 | Build | Farm |
| 15:11 | Create | Villager (Male) |
| 15:45 | Create | Villager (Male) |
| 15:46 | Create | Villager (Male) |
| 15:53 | Build | Farm |
| 15:54 | Build | Farm |
| 16:14 | Build | Farm |
| 16:18 | Research | Loom |
| 16:23 | Build | House |
| 16:27 | Build | House |
| 16:28 | Build | House |
| 16:38 | Build | Monastery |
| 16:43 | Create | Villager (Male) |
| 16:49 | Research | Wheelbarrow |
| 17:17 | Build | House |
| 17:55 | Build | University |
| 18:45 | Research | Imperial Age |
| 18:57 | Build | House |
| 19:30 | Build | Farm |
| 19:35 | Build | House |
| 19:38 | Create | Villager (Male) |
| 20:16 | Build | Siege Workshop |
| 20:19 | Create | Villager (Male) |
| 20:33 | Research | Bow Saw |
| 21:06 | Research | Heavy Plow |
| 21:11 | Build | House |
| 21:55 | Age | Imperial Age |
| 22:10 | Build | Town Center |
| 22:13 | Create | Villager (Male) |
| 22:34 | Research | Chemistry |
| 23:19 | Build | Town Center |
| 23:41 | Create | Villager (Male) |
| 23:44 | Create | Villager (Male) |
| 24:15 | Create | Bombard Cannon |
| 24:35 | Create | Villager (Male) ×5 |
| 24:41 | Build | Farm |
| 24:48 | Build | House |
| 24:53 | Build | Barracks |
| 24:57 | Create | Villager (Male) ×5 |
| 25:30 | Create | Villager (Male) ×5 |
| 25:36 | Build | House |
| 25:37 | Build | House |
| 25:44 | Research | Fletching |
| 25:50 | Build | Archery Range |
| 25:52 | Build | Archery Range |
| 26:02 | Build | Farm |
| 26:09 | Create | Villager (Male) ×2 |
| 26:23 | Create | Villager (Male) ×2 |
| 26:36 | Create | Archer |
| 26:46 | Build | Farm |
| 26:48 | Create | Villager (Male) ×2 |
| 26:53 | Build | Lumber Camp |
| 27:02 | Create | Archer |
| 27:18 | Build | Farm |
| 27:23 | Research | Crossbowman (upgrade) |
| 27:26 | Create | Archer ×3 |
| 27:37 | Build | Archery Range |
| 27:39 | Create | Villager (Male) ×2 |
| 27:50 | Build | Farm |
| 27:54 | Create | Archer |
| 28:11 | Create | Villager (Male) |
| 28:11 | Create | Villager (Male) |
| 28:13 | Create | Villager (Male) |
| 28:15 | Create | Archer ×4 |
| 28:26 | Create | Archer ×3 |
| 28:43 | Research | Bodkin Arrow |
| 28:47 | Build | Archery Range |
| 28:51 | Create | Archer |
| 29:00 | Create | Villager (Male) ×3 |
| 29:07 | Create | Archer |
| 29:20 | Create | Villager (Male) ×2 |
| 29:35 | Create | Villager (Male) ×2 |
| 29:38 | Create | Archer ×3 |
| 29:53 | Create | Villager (Male) ×2 |
| 30:09 | Create | Archer ×3 |
| 30:09 | Create | Archer ×3 |
| 30:22 | Create | Villager (Male) |
| 30:22 | Create | Villager (Male) |
| 30:23 | Create | Villager (Male) |
| 30:30 | Build | Siege Workshop |
| 30:32 | Build | Siege Workshop |
| 30:35 | Create | Villager (Male) ×3 |
| 30:36 | Create | Archer ×5 |
| 30:36 | Create | Archer ×5 |
| 30:48 | Create | Archer ×4 |
| 30:50 | Create | Villager (Male) ×2 |
| 30:55 | Build | House |
| 30:56 | Build | House |
| 30:58 | Build | House |
| 30:59 | Build | House |
| 31:01 | Build | House |
| 31:03 | Build | House |
| 31:05 | Build | House |
| 31:06 | Build | House |
| 31:14 | Build | Farm |
| 31:14 | Build | Farm |
| 31:30 | Create | Bombard Cannon |
| 31:43 | Create | Villager (Male) ×5 |
| 31:48 | Research | Town Watch |
| 31:52 | Build | Farm |
| 31:57 | Build | Farm |
| 31:57 | Build | Farm |
| 31:58 | Build | Farm |
| 31:59 | Build | Farm |
Build order — HURMA
First 150 of 354 actions detected
| 0:03 | Build | House |
| 0:05 | Build | House |
| 0:07 | Build | House |
| 0:14 | Research | Loom |
| 0:14 | Research | Loom |
| 1:06 | Create | Villager (Male) |
| 1:06 | Create | Villager (Male) |
| 1:07 | Create | Villager (Male) |
| 1:47 | Create | Villager (Male) |
| 1:48 | Create | Villager (Male) |
| 2:05 | Create | Villager (Male) |
| 2:05 | Create | Villager (Male) |
| 2:38 | Create | Villager (Male) |
| 2:38 | Create | Villager (Male) |
| 2:59 | Create | Villager (Male) |
| 2:59 | Create | Villager (Male) |
| 3:16 | Build | Lumber Camp |
| 3:33 | Create | Villager (Male) |
| 3:33 | Create | Villager (Male) |
| 3:52 | Create | Villager (Male) |
| 3:53 | Create | Villager (Male) |
| 4:16 | Create | Villager (Male) |
| 4:16 | Create | Villager (Male) |
| 4:42 | Create | Villager (Male) |
| 4:42 | Create | Villager (Male) |
| 4:51 | Build | Mill |
| 5:03 | Create | Villager (Male) |
| 5:03 | Create | Villager (Male) |
| 5:04 | Create | Villager (Male) |
| 5:55 | Create | Villager (Male) |
| 5:56 | Create | Villager (Male) |
| 5:56 | Create | Villager (Male) |
| 6:34 | Create | Villager (Male) |
| 6:34 | Create | Villager (Male) |
| 6:57 | Build | Mill |
| 7:23 | Create | Villager (Male) |
| 7:23 | Create | Villager (Male) |
| 7:24 | Create | Villager (Male) |
| 7:50 | Build | Mining Camp |
| 8:56 | Research | Feudal Age |
| 8:57 | Research | Feudal Age |
| 9:17 | Create | Villager (Male) |
| 9:18 | Create | Villager (Male) |
| 9:18 | Create | Villager (Male) |
| 11:05 | Create | Villager (Male) |
| 11:08 | Age | Feudal Age |
| 11:10 | Build | Market |
| 11:13 | Build | Blacksmith |
| 11:22 | Build | Farm |
| 11:22 | Build | Farm |
| 11:23 | Build | Farm |
| 11:49 | Build | Farm |
| 11:50 | Build | Farm |
| 12:43 | Research | Castle Age |
| 12:53 | Research | Double-Bit Axe |
| 13:10 | Research | Horse Collar |
| 13:10 | Research | Horse Collar |
| 13:16 | Build | Farm |
| 13:21 | Build | Farm |
| 14:47 | Create | Villager (Male) |
| 14:48 | Create | Villager (Male) |
| 14:48 | Create | Villager (Male) |
| 14:48 | Create | Villager (Male) |
| 14:50 | Create | Villager (Male) |
| 14:50 | Create | Villager (Male) |
| 14:50 | Create | Villager (Male) |
| 15:23 | Age | Castle Age |
| 15:24 | Build | Town Center |
| 15:27 | Build | Town Center |
| 16:23 | Build | Farm |
| 16:24 | Build | Farm |
| 16:32 | Build | Farm |
| 16:37 | Build | Farm |
| 16:39 | Build | Farm |
| 16:40 | Build | Farm |
| 16:47 | Create | Villager (Male) |
| 16:47 | Create | Villager (Male) |
| 16:47 | Create | Villager (Male) |
| 16:47 | Create | Villager (Male) |
| 16:48 | Create | Villager (Male) |
| 16:48 | Create | Villager (Male) |
| 16:48 | Create | Villager (Male) |
| 16:48 | Create | Villager (Male) |
| 17:32 | Create | Villager (Male) |
| 17:32 | Create | Villager (Male) |
| 17:42 | Research | Bow Saw |
| 17:47 | Build | Farm |
| 17:47 | Build | Farm |
| 17:47 | Build | Farm |
| 17:47 | Build | Farm |
| 17:48 | Build | Farm |
| 17:48 | Build | Farm |
| 17:50 | Build | Farm |
| 18:33 | Create | Villager (Male) |
| 18:33 | Create | Villager (Male) |
| 18:33 | Create | Villager (Male) |
| 18:34 | Create | Villager (Male) |
| 18:46 | Build | Town Center |
| 18:48 | Create | Villager (Male) |
| 18:55 | Build | Farm |
| 18:55 | Build | Farm |
| 18:55 | Build | Farm |
| 18:59 | Build | Farm |
| 18:59 | Build | Farm |
| 19:06 | Create | Villager (Male) |
| 19:06 | Create | Villager (Male) |
| 19:06 | Create | Villager (Male) |
| 19:07 | Create | Villager (Male) |
| 19:09 | Build | Farm |
| 19:38 | Create | Villager (Male) |
| 19:38 | Create | Villager (Male) |
| 19:38 | Create | Villager (Male) |
| 19:39 | Create | Villager (Male) |
| 19:46 | Build | Farm |
| 19:47 | Build | Farm |
| 19:50 | Build | Farm |
| 19:50 | Build | Farm |
| 20:02 | Build | Farm |
| 20:03 | Create | Villager (Male) |
| 20:03 | Create | Villager (Male) |
| 20:03 | Create | Villager (Male) |
| 20:03 | Create | Villager (Male) |
| 20:13 | Build | House |
| 20:13 | Build | House |
| 20:13 | Build | House |
| 20:14 | Build | House |
| 20:15 | Build | House |
| 20:15 | Build | House |
| 20:16 | Build | House |
| 20:17 | Build | House |
| 20:17 | Build | House |
| 20:19 | Build | House |
| 20:19 | Build | House |
| 20:20 | Build | House |
| 20:22 | Create | Villager (Male) |
| 20:22 | Create | Villager (Male) |
| 20:22 | Create | Villager (Male) |
| 20:22 | Create | Villager (Male) |
| 20:22 | Create | Villager (Male) |
| 20:34 | Build | Farm |
| 20:34 | Build | Farm |
| 20:35 | Build | Farm |
| 20:41 | Build | Farm |
| 20:41 | Build | Farm |
| 20:41 | Build | Farm |
| 20:41 | Build | Farm |
| 20:43 | Build | Farm |
| 20:48 | Create | Villager (Male) |
| 20:48 | Create | Villager (Male) |
| 20:48 | Create | Villager (Male) |
Match timeline
| 8:58 | dont help · age_up feudal |
| 10:11 | SebTheKing · age_up feudal |
| 10:32 | rozsasgergo · age_up feudal |
| 10:41 | commanderlionheart · age_up feudal |
| 11:08 | HURMA · age_up feudal |
| 11:17 | Bronco · age_up feudal |
| 13:36 | dont help · first_market_sell 100 stone |
| 14:05 | SebTheKing · age_up castle |
| 14:20 | SebTheKing · first_building Castle |
| 14:42 | rozsasgergo · age_up castle |
| 14:43 | dont help · first_building Barracks |
| 14:46 | rozsasgergo · first_building Monastery |
| 14:49 | Bronco · age_up castle |
| 15:01 | commanderlionheart · age_up castle |
| 15:21 | rozsasgergo · wall_segment Stone Wall x11 |
| 15:23 | HURMA · age_up castle |
| 15:46 | rozsasgergo · first_building Siege Workshop |
| 16:02 | SebTheKing · first_building Siege Workshop |
| 16:18 | dont help · age_up castle |
| 16:26 | commanderlionheart · first_building Monastery |
| 16:38 | Bronco · first_building Monastery |
| 17:59 | Bronco · first_market_buy 100 food |
| 18:33 | Bronco · first_market_sell 100 stone |
| 18:40 | HURMA · first_market_buy 100 stone |
| 19:01 | dont help · first_building Siege Workshop |
| 20:06 | SebTheKing · first_market_buy 100 wood |
| 20:16 | Bronco · first_building Siege Workshop |
| 21:55 | Bronco · age_up imperial |
| 22:25 | rozsasgergo · wall_segment Stone Wall x7 |
| 23:45 | commanderlionheart · first_market_buy 100 stone |
| 23:54 | commanderlionheart · first_building Castle |
| 23:59 | dont help · first_market_buy 100 food |
| 24:05 | commanderlionheart · wall_segment Palisade Wall x9 |
| 24:52 | commanderlionheart · first_building Barracks |
| 24:53 | Bronco · first_building Barracks |
| 25:03 | rozsasgergo · wall_segment Stone Wall x1 |
| 25:40 | commanderlionheart · first_building Siege Workshop |
| 25:50 | Bronco · first_building Archery Range |
| 25:51 | rozsasgergo · first_market_buy 100 stone |
| 26:01 | rozsasgergo · first_building Castle |
| 26:16 | HURMA · first_building Monastery |
| 27:11 | HURMA · tribute_sent a jugador 1 |
| 27:11 | HURMA · tribute_sent a jugador 2 |
| 27:11 | HURMA · tribute_sent a jugador 3 |
| 27:11 | HURMA · tribute_sent a jugador 4 |
| 27:11 | HURMA · tribute_sent a jugador 5 |
| 27:24 | SebTheKing · first_market_sell 100 wood |
| 27:49 | HURMA · first_building Barracks |
| 28:02 | rozsasgergo · first_building Barracks |
| 28:40 | SebTheKing · first_building Barracks |
| 28:49 | rozsasgergo · first_building Archery Range |
| 29:17 | SebTheKing · first_building Stable |
| 29:17 | HURMA · first_building Castle |
| 29:22 | HURMA · first_building Archery Range |
| 29:26 | dont help · first_building Krepost |
| 29:53 | HURMA · first_market_sell 500 food |
| 30:06 | commanderlionheart · first_market_sell 100 wood |
| 30:18 | HURMA · age_up imperial |
| 30:43 | rozsasgergo · age_up imperial |
| 30:47 | SebTheKing · age_up imperial |
| 32:28 | HURMA · first_building Stable |
| 33:29 | rozsasgergo · first_market_sell 100 wood |
| 33:45 | dont help · first_building Castle |
| 34:08 | rozsasgergo · wall_segment Palisade Wall x5 |
| 35:49 | commanderlionheart · age_up imperial |
| 35:53 | dont help · age_up imperial |
| 36:55 | commanderlionheart · first_building Archery Range |
| 37:56 | HURMA · tribute_sent a jugador 1 |
| 37:56 | HURMA · tribute_sent a jugador 2 |
| 37:56 | HURMA · tribute_sent a jugador 3 |
| 37:56 | HURMA · tribute_sent a jugador 4 |
| 37:56 | HURMA · tribute_sent a jugador 5 |
| 38:28 | dont help · first_building Stable |
| 39:36 | commanderlionheart · wall_segment Palisade Wall x1 |
| 39:38 | commanderlionheart · wall_segment Palisade Wall x1 |
| 39:42 | commanderlionheart · wall_segment Palisade Wall x1 |
| 39:46 | commanderlionheart · wall_segment Palisade Wall x1 |
| 40:55 | rozsasgergo · wall_segment Stone Wall x10 |
| 41:31 | SebTheKing · resign |
[ AI ANALYSIS · 1 CREDIT ]
What really happened in this match?
Wolo.gg analyzes every decision: build order, eco, micro, common mistakes by bracket. Personalized analysis on WhatsApp or Discord in 30 seconds.
Civ guide
Spanish
Map guide
Arena
Perfil
Jugador #210371